 Dungeon Crawl Stone Soup version 0.19.1-1-g22dce08 (webtiles) character file.

97132 M4edhros the Severer (level 15, -13/138 HPs)
             Began as a Minotaur Berserker on Jan 4, 2017.
             Was a High Priest of Trog.
             Shot with a bolt by a naga sharpshooter (20 damage)
             ... on level 4 of the Snake Pit.
             The game lasted 00:55:40 (9316 turns).

M4edhros the Severer (Minotaur Berserker)           Turns: 9316, Time: 00:55:41

Health: -13/138    AC: 31    Str: 20    XL:     15   Next: 71%
Magic:  0/17       EV: 14    Int:  2    God:    Trog [*****.]
Gold:   370        SH:  0    Dex: 21    Spells: 0 memorised, 14 levels left

rFire  + + .     SeeInvis .     U - +4 war axe (freeze)
rCold  + + .     Gourm    .     l - +8 chain mail of Xom's Condemnation {rPois Stlth+}
rNeg   . . .     Faith    .     (no shield)
rPois  +         Spirit   .     (helmet unavailable)
rElec  +         Reflect  .     I - +2 cloak
rCorr  +         Harm     .     z - +0 pair of gloves {Dex+3}
MR     +....     Rnd*Tele +     (no boots)
Stlth  +.........               H - amulet "Jikeal" {RegenMP rF+ Stlth+}
                                (no ring)
                                t - +5 ring of protection

@: lethally poisoned (-13 -> -14), exhausted, resistant, slowed, constricted,
very slow
A: retaliatory headbutt, horns 3, agile 1, cold resistance 1, dopey 1, sense
surroundings 1, teleportitis 1, weak 1
a: Berserk, Trog's Hand, Brothers in Arms, Burn Spellbooks, Renounce Religion


You were on level 4 of the Snake Pit.
You worshipped Trog.
Trog was extremely pleased with you.
You were not hungry.

You visited 5 branches of the dungeon, and saw 28 of its levels.
You also visited: Labyrinth, Bailey and Volcano.

You collected 1620 gold pieces.
You spent 1250 gold pieces at shops.

Inventory:

Hand Weapons
 C - a +1 hand axe of flaming
 L - a +0 blowgun
 T - a +2 antimagic executioner's axe
 U - a +4 war axe of freezing (weapon)
 V - a +3 triple crossbow of flaming
Missiles
 r - 7 javelins
 x - 2 throwing nets (quivered)
 K - 6 curare-tipped needles
 W - 201 bolts
Armour
 a - a +2 plate armour of fire resistance
 l - the +8 chain mail of Xom's Condemnation (worn) {rPois Stlth+}
   (You bought it in a shop on level 2 of the Orcish Mines)

   It protects you from poison.
   It makes you more stealthy.
 z - a +0 pair of gloves of dexterity (worn)
 I - a +2 cloak (worn)
 O - the +0 chain mail of the Devil's Advocate {rElec rC++ Slay+6 Stlth+}
   (You bought it in a shop on level 11 of the Dungeon)

   It affects your accuracy and damage with ranged weapons and melee attacks
   (+6).
   It greatly protects you from cold.
   It insulates you from electricity.
   It makes you more stealthy.
 Z - a +1 ring mail of magic resistance
Jewellery
 t - a +5 ring of protection (left hand)
 w - an uncursed amulet of regeneration
 y - a +5 ring of strength
 H - the amulet "Jikeal" (around neck) {RegenMP rF+ Stlth+}
   (You found it in a labyrinth)

   [amulet of magic regeneration]

   It increases your magic regeneration.
   It protects you from fire.
   It makes you more stealthy.
 M - an uncursed amulet of guardian spirit
Wands
 o - a wand of lightning (12/15)
 p - a wand of lightning (5/15)
 u - a wand of confusion (9/48)
 A - a wand of iceblast (6/15)
 F - a wand of paralysis (9/24)
 N - a wand of acid (15/15)
 P - a wand of disintegration (15/24)
 S - a wand of iceblast (10/15)
Scrolls
 g - 3 scrolls of immolation
 h - 4 scrolls of remove curse
 v - a scroll of recharging
 D - a scroll of enchant armour
 E - a scroll of fear
 J - 2 scrolls of enchant weapon
 X - a scroll of magic mapping
Potions
 b - 2 potions of lignification
 f - 5 potions of brilliance
 k - 3 potions of flight
 q - 4 potions of might
 G - 2 potions of cancellation
Miscellaneous
 i - a phantom mirror
 s - a disc of storms
 R - a fan of gales
Comestibles
 c - 10 bread rations
 d - 5 fruits
 Q - 2 meat rations
 Y - 9 royal jellies


   Skills:
 + Level 14.0 Fighting
 * Level 18.6 Axes
 - Level 12.0 Crossbows
 + Level 13.9 Armour
 + Level 12.4 Dodging
 - Level 4.5 Evocations


You had 14 spell levels left.
You didn't know any spells.

Dungeon Overview and Level Annotations

Branches:
Dungeon (15/15)            Temple (0/1) D:6            Lair (6/6) D:8
  Snake (4/4) Lair:4          Orc (2/2) D:12            Elf (0/3) Orc:2
 Vaults (0/5) D:14         Depths (1/5) D:15
  Swamp: Lair:2-4    Shoals: Lair:2-4     Slime: Lair:5-6

Altars:
Elyvilon
Gozag
Xom

Shops:
D:7 (   D:11 [*   Orc:2 }%([

Annotations:
Lair:6 M4edhros's ghost, journeyman TrBe
Snake:4 Donald; Jorgrun; Mara


Innate Abilities, Weirdness & Mutations

You reflexively headbutt those who attack you in melee.
You have a pair of large horns on your head.
You are agile. (Dex +2)
Your flesh is cold resistant. (rC+)
You are dopey. (Int -2)
You passively map a small area around you.
You are occasionally teleported next to monsters.
You are weak. (Str -2)


Message History

You hit the naga. You freeze the naga. Your headbutt misses the naga.
The naga is almost dead.
You hit the mana viper but do no damage.
You hit the naga. You freeze the naga.
You hit the black mamba but do no damage.
Your chain mail of Xom's Condemnation prevents you from hitting the mana viper.
You feel sick.
* * * LOW HITPOINT WARNING * * *
You are more poisoned.
The black mamba barely misses you. You furiously retaliate!
You headbutt the black mamba. The mana viper bites you.
* * * LOW HITPOINT WARNING * * *
You feel your power leaking away. The naga hits you but does no damage.
The mana viper bites you but does no damage.
The naga closely misses you. The naga constricts you.
The naga sharpshooter mumbles some strange words.
The naga sharpshooter magically shoots a bolt.
The bolt hits you!!
You die...

##...⌠....##
*.........#.........
, * .N.#......, , ,
..N......N *
N.....NNN* *
.......NN* * ,
....NNNN# ,
....NSSN#* .N...SN@#
....gNSS# * ,
.......## , ,
....### , , .## * ,
, * * , * * * * ,


You could see Jorgrun, a naga warrior (inner flame), 3 naga sharpshooters, 3
naga ritualists, 2 mana vipers, 3 black mambas, 5 naga magi and 6 nagas.

Vanquished Creatures
  A nagaraja (Snake:4)
  A fire giant (Depths:1)
  A frost giant (Depths:1)
  A stone giant (Depths:1)
  A minotaur (Lab)
  7 naga warriors
  3 hydras (Lair:6)
  An ice dragon (Depths:1)
  A rakshasa (Depths:1)
  2 vault guards (D:14)
  An anaconda (Snake:3)
  The ghost of M4edhros the Cleaver, a novice MiBe of Trog (D:13)
  A death knight (D:12)
  5 centaur warriors
  A tengu warrior (Depths:1)
  5 orc high priests (Orc:2)
  A vampire mage (D:15)
  4 shock serpents
  3 naga sharpshooters
  A fire crab (Lair:5)
  A hell knight (Volcano)
  3 skeletal warriors
  A salamander mystic (Volcano)
  4 deep trolls (D:13)
  2 unseen horrors
  A golden dragon zombie (D:15)
  A wizard (D:15)
  8 orc knights (Orc:2)
  A naga ritualist (Snake:3)
  A necromancer (D:15)
  5 hill giants
  A lindwurm (Lair:6)
  2 cyclopes
  2 mana vipers
  2 ugly things (D:12)
  7 salamanders
  An elf zombie (D:15)
  10 elephants
  19 black mambas
  10 naga magi
  10 spiny frogs
  3 guardian serpents
  2 torpor snails (Lair:6)
  A rime drake (Lair:6)
  A yaktaur zombie (D:15)
  An efreet (D:15)
  4 komodo dragons
  A minotaur zombie (Lab)
  A tengu conjurer (Depths:1)
  The ghost of M4edhros the Chopper, an amateur MiBe of Trog (D:6)
  9 trolls
  3 meliai (D:12)
  A queen bee (D:12)
  2 tyrant leeches (Lair:6)
  7 slime creatures (D:12)
  2 blink frogs (Lair:6)
  A dream sheep (Lair:6)
  5 hippogriffs
  3 shadows
  A deep troll skeleton (D:15)
  26 yaks
  The ghost of M4edhros the Chopper, an amateur MiBe of Trog (D:5)
  A basilisk (Lair:6)
  3 wyverns
  A hungry ghost (D:9)
  2 vampire mosquitoes (D:12)
  8 swamp worms
  Menkaure (D:6)
  Edmund (D:4)
  6 wargs
  7 water moccasins
  25 nagas
  2 hell hounds (Orc:1)
  A porcupine (Lair:3)
  2 black bears
  32 orc warriors
  2 sky beasts
  A necrophage (D:6)
  6 ogres
  A phantom (D:10)
  9 wolves
  27 centaurs
  7 crocodiles
  2 big kobolds
  11 bullfrogs
  3 scorpions
  2 wyvern skeletons
  30 killer bees
  9 wights
  2 electric eels
  2 crimson imps
  2 howler monkeys (D:9)
  3 centaur zombies
  3 hounds
  22 orc priests
  2 centaur skeletons
  2 jellies
  15 orc wizards
  An iguana (D:12)
  Natasha (D:3)
  2 worker ants
  3 adders
  7 gnolls
  4 shadow imps
  An ooze (D:3)
  12 worms (Lair:4)
  A dart slug (D:1)
  2 leopard geckos
  79 orcs
  2 giant cockroaches (D:1)
  8 goblins
  3 hobgoblins
  2 jackals (D:2)
  15 kobolds
  3 quokkas
  A ball python skeleton (D:4)
  2 bats (D:2)
  A jackal zombie (D:8)
  A rat (D:2)
  A fungus (Lair:6)
  2 plants (Lair:4)
619 creatures vanquished.

Vanquished Creatures (others)
  3 dream sheep (Lair:5)
  A centaur (D:8)
  A jelly (D:8)
  A worker ant (D:8)
  3 plants
9 creatures vanquished.

Grand Total: 628 creatures vanquished

Notes
Turn   | Place    | Note
-------+----------+-------------------------------------------
     0 | D:1      | M4edhros the Minotaur Berserker began the quest for the Orb.
     0 | D:1      | Reached XP level 1. HP: 19/19 MP: 0/0
    85 | D:1      | Reached XP level 2. HP: 15/27 MP: 1/1
    89 | D:1      | Reached skill level 4 in Axes
   465 | D:3      | Noticed Natasha
   468 | D:3      | Reached ** piety under Trog
   472 | D:3      | Noticed a crimson imp
   472 | D:3      | Killed Natasha
   472 | D:3      | Reached XP level 3. HP: 33/33 MP: 2/2
   547 | D:4      | Reached skill level 5 in Axes
   550 | D:4      | Reached XP level 4. HP: 37/40 MP: 3/3
   577 | D:5      | Entered Level 5 of the Dungeon
   577 | D:5      | Noticed M4edhros's ghost (amateur MiBe)
   591 | D:4      | Noticed Edmund
   601 | D:4      | Killed Edmund
   601 | D:4      | Reached XP level 5. HP: 43/47 MP: 4/4
   657 | D:5      | Killed M4edhros's ghost
   657 | D:5      | Reached skill level 5 in Fighting
   657 | D:5      | Reached skill level 6 in Axes
   657 | D:5      | Reached XP level 6. HP: 35/56 MP: 5/5
   761 | D:6      | Found a staircase to the Ecumenical Temple.
   765 | D:6      | Noticed Menkaure
   772 | D:6      | Reached skill level 7 in Axes
   772 | D:6      | Reached XP level 7. HP: 33/61 MP: 6/6
   774 | D:6      | Killed Menkaure
   774 | D:6      | Reached skill level 5 in Armour
   786 | D:6      | Noticed M4edhros's ghost (amateur MiBe)
   799 | D:6      | Killed M4edhros's ghost
   832 | D:6      | Reached skill level 8 in Axes
   859 | D:7      | Reached XP level 8. HP: 70/70 MP: 7/7
   887 | D:7      | Found Angeonuu's Weapon Boutique.
   961 | D:8      | Found a flagged portal.
   973 | Bailey   | Entered a bailey
   991 | Bailey   | Reached skill level 5 in Dodging
  1015 | D:8      | Reached *** piety under Trog
  1038 | D:8      | Found a staircase to the Lair.
  1050 | D:8      | Reached skill level 9 in Axes
  1127 | Lair:1   | Entered Level 1 of the Lair of Beasts
  1140 | Lair:1   | Reached XP level 9. HP: 49/79 MP: 8/8
  1143 | Lair:1   | Reached skill level 10 in Axes
  1252 | Lair:2   | Noticed a spiny frog
  1259 | Lair:2   | Killed a spiny frog
  1428 | D:8      | Reached skill level 11 in Axes
  1541 | D:9      | Noticed a troll
  1546 | D:9      | Killed a troll
  1580 | D:9      | Reached **** piety under Trog
  1580 | D:9      | Reached XP level 10. HP: 79/90 MP: 9/9
  1861 | D:8      | Found a shimmering altar of Xom.
  1954 | D:10     | Entered Level 10 of the Dungeon
  2126 | D:10     | Reached skill level 12 in Axes
  2142 | D:10     | Reached ***** piety under Trog
  2359 | D:11     | Found Zadwipug's Antique Armour Emporium.
  2466 | D:11     | Found Gozag's Platinum Reserve.
  2474 | D:11     | Found an opulent altar of Gozag.
  2514 | D:11     | Bought a scorched chain mail for 256 gold pieces
  2524 | D:11     | Identified the cursed +0 chain mail of the Devil's Advocate {rElec rC++ Slay+6 Stlth+} (You bought it in a shop on level 11 of the Dungeon)
  2524 | D:11     | what a nice chain mail! relic rc++ slay6 sthl+
  2647 | D:11     | Noticed a cyclops
  2650 | D:11     | Killed an unseen horror
  2665 | D:11     | Killed a cyclops
  2709 | D:12     | Found a staircase to the Orcish Mines.
  2719 | D:12     | Reached skill level 1 in Evocations
  2736 | D:12     | Noticed a green ugly thing
  2742 | D:12     | Killed a green ugly thing
  2750 | D:12     | Gained mutation: You are dopey. (Int -2) [mutagenic meat]
  2771 | D:12     | Noticed a hill giant
  2780 | D:12     | Killed a hill giant
  2780 | D:12     | Reached skill level 13 in Axes
  2780 | D:12     | Reached XP level 11. HP: 26/99 MP: 4/11
  2832 | D:12     | Noticed a death knight
  2841 | D:12     | Killed a death knight
  2891 | D:12     | Noticed a hill giant
  2911 | D:12     | Killed a hill giant
  3044 | D:12     | Noticed a hill giant
  3048 | D:12     | Noticed a hill giant
  3050 | D:12     | Killed a hill giant
  3055 | D:12     | Reached skill level 10 in Fighting
  3059 | D:12     | Killed a hill giant
  3059 | D:12     | Reached skill level 10 in Armour
  3163 | D:12     | Received a gift from Trog
  3313 | D:12     | Reached skill level 14 in Axes
  3346 | D:13     | Noticed M4edhros's ghost (novice MiBe)
  3351 | D:13     | Noticed a centaur warrior
  3369 | D:13     | Killed M4edhros's ghost
  3369 | D:13     | Reached skill level 1 in Crossbows
  3379 | D:13     | Killed a centaur warrior
  3382 | D:13     | Reached XP level 12. HP: 33/107 MP: 7/14
  3396 | D:13     | Noticed a centaur warrior
  3403 | D:13     | Killed a centaur warrior
  3695 | D:15     | Entered Level 15 of the Dungeon
  3756 | D:15     | Found a staircase to the Depths.
  3756 | D:15     | Noticed a vampire mage
  3772 | D:15     | Killed a vampire mage
  3772 | D:15     | Reached skill level 5 in Crossbows
  3798 | D:15     | Reached skill level 15 in Axes
  3830 | D:15     | Reached skill level 10 in Dodging
  3945 | D:15     | Noticed a centaur warrior
  3948 | D:15     | Killed a centaur warrior
  4047 | D:15     | Gained mutation: You tend to lose your temper in combat. [potion of mutation]
  4047 | D:15     | Gained mutation: Your spells are a little harder to cast, but a little more powerful. [potion of mutation]
  4073 | D:15     | Found a white marble altar of Elyvilon.
  4098 | D:15     | Noticed a centaur warrior
  4103 | D:15     | Killed a centaur warrior
  4103 | D:15     | Received a gift from Trog
  4103 | D:15     | Reached XP level 13. HP: 83/116 MP: 11/15
  4131 | D:15     | Lost mutation: Your spells are a little harder to cast, but a little more powerful. [mutagenic meat]
  4186 | D:14     | Found a gate to the Vaults.
  4389 | D:12     | Gained mutation: You passively map a small area around you. [mutagenic meat]
  4390 | D:12     | Gained mutation: You are weak. (Str -2) [mutagenic meat]
  4391 | D:12     | Gained mutation: You are agile. (Dex +2) [mutagenic meat]
  4399 | D:12     | Gained mutation: You are occasionally teleported next to monsters. [mutagenic meat]
  4772 | Lair:6   | Entered Level 6 of the Lair of Beasts
  4884 | Lair:6   | Reached skill level 16 in Axes
  4995 | Lair:6   | Received a gift from Trog
  5057 | Lair:6   | Noticed M4edhros's ghost (journeyman TrBe)
  5286 | Lair:6   | Received a gift from Trog
  5367 | Lair:6   | Reached XP level 14. HP: 96/127 MP: 16/16
  5562 | Lair:4   | Found a staircase to the Snake Pit.
  5597 | Snake:1  | Entered Level 1 of the Snake Pit
  5611 | Snake:1  | Received a gift from Trog
  5618 | Snake:1  | Lost mutation: You tend to lose your temper in combat. [mutagenic meat]
  5620 | Snake:1  | Gained mutation: Your flesh is cold resistant. (rC+) [mutagenic meat]
  5621 | Snake:1  | Gained mutation: You have a pair of large horns on your head. [mutagenic meat]
  5836 | Lair:4   | Reached ****** piety under Trog
  5836 | Lair:4   | Received a gift from Trog
  6024 | Snake:2  | Reached skill level 17 in Axes
  6098 | Snake:4  | Entered Level 4 of the Snake Pit
  6104 | Snake:4  | Noticed Mara
  6120 | Snake:4  | Noticed M4edhros's illusion
  6257 | Snake:3  | Reached skill level 10 in Crossbows
  6534 | Snake:4  | Noticed a nagaraja
  6541 | Snake:4  | Killed a nagaraja
  6565 | Snake:4  | Noticed Donald
  6571 | Snake:4  | HP: 6/129 [Donald/demon trident of venom (18)]
  6615 | Snake:4  | Noticed Jorgrun
  7141 | Orc:1    | Entered Level 1 of the Orcish Mines
  7145 | Orc:1    | Found Cukorruniuth's General Store.
  7147 | Orc:1    | Received a gift from Trog
  7237 | Orc:1    | Found a dark tunnel.
  7243 | Volcano  | Entered a volcano
  7484 | Orc:2    | Entered Level 2 of the Orcish Mines
  7526 | Orc:2    | Found a staircase to the Elven Halls.
  7528 | Orc:2    | Found a labyrinth entrance.
  7543 | Lab      | Entered a labyrinth
  7701 | Lab      | Reached XP level 15. HP: 136/136 MP: 14/17
  7731 | Lab      | Got a scintillating crystal amulet
  7887 | Orc:2    | Received a gift from Trog
  8149 | Orc:2    | Reached skill level 18 in Axes
  8190 | Orc:2    | Received a gift from Trog
  8234 | Orc:2    | Found Huudghogo's Gadget Emporium.
  8234 | Orc:2    | Found Noquacs's Food Emporium.
  8235 | Orc:2    | Found Maloqeas's Antique Weapon Shoppe.
  8235 | Orc:2    | Found Uwyhu's Armour Emporium.
  8257 | Orc:2    | Bought the +8 chain mail of Xom's Condemnation {rPois Stlth+} for 994 gold pieces
  8481 | Depths:1 | Entered Level 1 of the Depths
  8490 | Depths:1 | Noticed a frost giant
  8503 | Depths:1 | Killed a frost giant
  8548 | Depths:1 | Noticed a fire giant
  8555 | Depths:1 | Killed a fire giant
  8580 | Depths:1 | Identified the amulet "Jikeal" {RegenMP rF+ Stlth+} (You found it in a labyrinth)
  9280 | Snake:4  | Received a gift from Trog
  9314 | Snake:4  | HP: 5/138 [naga/long sword (7)]
  9316 | Snake:4  | Shot with a bolt by a naga sharpshooter

Skill      XL: |  1  2  3  4  5  6  7  8  9 10 11 12 13 14 15 |
---------------+----------------------------------------------+-----
Axes           | 4 5 6 7 8 9 11 13 14 15 16 17 18 | 18.6
Fighting       | 4 5 6 7 8 9 10 11 12 13 14 | 14.0
Armour         | 3 4 5 6 8 9 10 11 12 13 | 13.9
Dodging        | 3 4 5 7 8 9 10 11 12 | 12.4
Evocations     | 1 4 |  4.5
Crossbows      | 2 6 8 10 12 | 12.0

Action                   |  1- 3 |  4- 6 |  7- 9 | 10-12 | 13-15 || total
-------------------------+-------+-------+-------+-------+-------++-------
Melee: Hand axe          |    49 |    32 |   172 |   136 |    25 ||   414
       Headbutt          |     8 |     5 |    35 |   115 |   215 ||   378
       Battleaxe         |       |       |       |    33 |       ||    33
       Broad axe         |       |       |       |    69 |       ||    69
       War axe           |       |       |       |   152 |   795 ||   947
       Executioner's axe |       |       |       |       |     6 ||     6
 Fire: Triple crossbow   |       |       |       |     1 |    18 ||    19
Invok: Berserk           |     1 |     3 |     6 |    13 |    23 ||    46
       Trog's Hand       |       |     1 |     1 |     2 |    22 ||    26
       Burn Spellbooks   |       |       |       |     1 |     3 ||     4
       Brothers in Arms  |       |       |       |       |     1 ||     1
Evoke: Wand              |       |       |       |     4 |       ||     4
  Use: Scroll            |       |     4 |       |    13 |    25 ||    42
       Potion            |       |     3 |     3 |     4 |    10 ||    20
  Eat: Chunk             |       |     3 |     6 |    19 |    47 ||    75
       Beef jerky        |       |     1 |       |       |       ||     1
       Meat ration       |       |       |     1 |       |     2 ||     3
       Pizza             |       |       |       |       |     1 ||     1
       Royal jelly       |       |       |       |       |     2 ||     2
       Fruit             |       |       |       |       |     2 ||     2
Armor: Animal skin       |     5 |       |       |       |       ||     5
       Scale mail        |       |    17 |    15 |       |       ||    32
       Plate armour      |       |       |    25 |    71 |    31 ||   127
       Chain mail        |       |       |       |   138 |   395 ||   533
Dodge: Dodged            |    35 |    24 |    96 |   233 |   517 ||   905
